 Dungeon Crawl Stone Soup version 0.17.1-3-g152610e (webtiles) character file.

104408 Pidor the Jinx (level 15, 0/87 HPs)
             Began as a Felid Monk on Apr 13, 2016.
             Was the Champion of Dithmenos.
             Blown up by an orb spider (47 damage)
             ... with an orb of destruction
             ... on level 2 of the Spider Nest on Apr 14, 2016.
             The game lasted 03:01:39 (47026 turns).

Pidor the Jinx (Felid Monk)                        Turns: 47026, Time: 03:01:39

Health: 0/87       AC: 21    Str: 10    XL:     15   Next: 91%
Magic:  21/28      EV: 36    Int: 15    God:    Dithmenos [******]
Gold:   2404       SH:  0    Dex: 21    Spells: 6 memorised, 3 levels left
                                        Lives:  0   Deaths: 4

rFire  + + .     SeeInvis +       - Unarmed
rCold  . . .     Clarity  .     (armour unavailable)
rNeg   + . .     SustAt   .     (shield unavailable)
rPois  ∞         Gourm    .     (helmet unavailable)
rElec  +         Spirit   .     (cloak unavailable)
rCorr  .         Warding  .     (gloves unavailable)
rMut   .         Stasis   .     (boots unavailable)
MR     ++...                    M - amulet of faith
Stlth  ++++++++++               I - ring of protection from fire
                                c - +6 ring of evasion

@: statue-form, very slightly contaminated, wreathed by umbra, very slow, very
resistant to hostile enchantments, uncannily stealthy
A: no armour, no weapons or thrown items, antennae 1, claws 1, fangs 3, thin
skeletal structure 1, camouflage 1, see invisible, carnivore 3, fire resistance
1, (speed 0), (shaggy fur 0), slow metabolism 1, sharp paws
a: End Transformation, Shadow Step, Shadow Form, Renounce Religion


You were on level 2 of the Spider Nest.
You worshipped Dithmenos.
Dithmenos was exalted by your worship.
You were not hungry.
You were a stone statue.
You visited 6 branches of the dungeon, and saw 33 of its levels.
You also visited: Labyrinth and Ice Cave.

You collected 3679 gold pieces.
You spent 1275 gold pieces at shops.

Inventory:

Jewellery
 c - a +6 ring of evasion (left paw)
 d - an uncursed ring of teleportation
 h - an uncursed ring of magical power
 o - an uncursed ring of flight
 I - a ring of protection from fire (right paw)
 M - an amulet of faith (around neck)
 Q - an uncursed ring of sustain attributes
Wands
 l - a wand of confusion (4)
 q - a wand of slowing (5)
 y - a wand of slowing (19)
 E - a wand of frost (5)
 O - a wand of cold (2)
 S - a wand of heal wounds (9)
 T - a wand of confusion (24)
 X - a wand of digging (8)
 Y - a wand of slowing (25)
Scrolls
 e - a scroll of identify
 f - 7 scrolls of recharging
 g - 3 scrolls of fog
 j - 2 scrolls of silence
 p - 6 scrolls of remove curse
 s - 8 scrolls of teleportation
 t - a scroll of noise
 u - 3 scrolls of magic mapping
 z - a scroll of amnesia
 C - 5 scrolls of vulnerability
 J - a scroll of summoning
Potions
 b - 7 potions of might
 i - 2 potions of magic
 k - 5 potions of brilliance
 m - a potion of haste
 n - 3 potions of flight
 r - 4 potions of resistance
 B - 3 potions of agility
 D - a potion of lignification
 G - a potion of heal wounds
 K - 2 potions of invisibility
 W - 2 potions of ambrosia
Miscellaneous
 w - a legendary deck of summoning {the Crusade}
 N - a plain deck of changes
 U - an ornate deck of summoning {Foxfire, drawn: 1}
 V - a fan of gales
Comestibles
 a - 15 meat rations
 v - a beef jerky
 x - a slice of pizza


   Skills:
 - Level 9.0 Fighting
 - Level 11.7 Dodging
 - Level 12.5 Stealth
 - Level 12.8 Unarmed Combat
 - Level 8.0 Spellcasting
 - Level 13.2 Hexes
 - Level 4.2 Charms
 + Level 12.0 Transmutations
 - Level 6.5 Air Magic
 + Level 11.9 Earth Magic
 - Level 10.0 Invocations
 - Level 5.9 Evocations


You had 3 spell levels left.
You knew the following spells:

 Your Spells              Type           Power        Failure   Level  Hunger
a - Darkness              Hex            #####.....   10%         6    #######
b - Stoneskin             Trmt/Erth      #####...     1%          2    None
c - Swiftness             Chrm/Air       ###.....     1%          2    None
d - Invisibility          Hex            #####...     10%         6    #######
e - Silence               Hex/Air        #####.....   8%          5    #####..
f - Statue Form           Trmt/Erth      #####....    17%         6    #######


Dungeon Overview and Level Annotations

Branches:
Dungeon (15/15)            Temple (0/1) D:5            Lair (8/8) D:8
 Shoals (1/4) Lair:6       Spider (2/4) Lair:6        Slime (0/6) Lair:7
    Orc (4/4) D:10            Elf (3/3) Orc:3        Vaults (0/5) D:14
 Depths (0/5) D:15

Altars:
Cheibriados
Dithmenos
Gozag
Makhleb
Okawaru
Ru
Trog
Xom
Yredelemnul
The Shining One
Beogh
Jiyva

Shops:
D:7 %   Orc:4 [(:*

Portals:
Hell: Lair:8

Annotations:
Shoals:1 riffraff's ghost, journeyman DsBe
Elf:2 3 runed doors, exclusion: 3 doors


Innate Abilities, Weirdness & Mutations

You cannot wear armour.
You are incapable of wielding weapons or throwing items.
You have sharp claws.
You have razor-sharp teeth.
You have supernaturally acute eyesight.
You are carnivorous and can eat meat at any time.
((You cover ground quickly.))
((Your thick and shaggy fur keeps you warm (AC +3, rC+).))
You have a slow metabolism.
Your sharp claws are effective at attacking unaware monsters.
You have a pair of small antennae on your head.
You have a somewhat thin skeletal structure (Dex +2, Stealth).
Your skin changes colour to match your surroundings (Stealth).
Your flesh is heat resistant.


Message History

You see here a scroll of teleportation.
Drink which item? (? for menu, Esc to quit)
You feel much better.
Evoke which item? (* to show all) (? for menu, Esc to quit)
Zapping:
l - a wand of confusion (6)
Press: ? - help, Shift-Dir - straight line, f - orb spider
Aim: an orb spider (clinging, umbra, chance to defeat MR: 40%)
The orb spider resists with some effort.
This wand has 5 charges left.
The orb spider pulsates with a strange energy.
Evoke which item? (* to show all) (? for menu, Esc to quit)
Zapping:
l - a wand of confusion (5)
Press: ? - help, Shift-Dir - straight line, f/p - orb spider
Aim: an orb spider (clinging, umbra, chance to defeat MR: 40%)
The orb spider resists with some effort.
This wand has 4 charges left.
The orb spider weaves a glowing orb of energy.
The orb of destruction hits you!
Ouch! That really hurt!
You die...

....#...#..####
...........#
...........#
.........#.######
.....##.........##
<.... #..######s.#
.^# #.## #§# .
..## #§## ...
.#####8.# .....
#......#.## .....
######.§.§# ...
###§§## ##†^#
{#..# #..# #$.#
##..##


You could see an orb spider.

Vanquished Creatures
  Frances (D:13)
  A frost giant (IceCv)
  Maud (Lair:5)
  2 orc warlords
  4 deep elf sorcerers
  An emperor scorpion (Spider:2)
  Nessos (D:13)
  3 deep elf demonologists
  2 deep elf annihilators
  A minotaur (Lab)
  A deep elf death mage (Elf:2)
  Harold (Lair:1)
  2 ice dragons (D:15)
  2 entropy weavers
  7 hydras
  Erolcha (Orc:1)
  2 dancing weapons (Elf:2)
  3 catoblepae
  6 death yaks
  A centaur warrior (D:14)
  6 orc high priests
  A tengu warrior (D:14)
  3 unseen horrors
  7 deep elf knights
  A sea snake (Shoals:1)
  4 hill giants
  17 deep elf summoners
  3 orc knights (Orc:4)
  11 deep elf conjurers
  5 griffons
  4 orb spiders (Spider:1)
  A necromancer (D:14)
  The ghost of jesusflecha the Poker, a novice MfGl of Makhleb (D:5)
  2 cyclopes
  A sixfirhy (Lair:8)
  A wizard (Lair:8)
  An oklob plant (Lair:8)
  2 ugly things
  11 wolf spiders
  A hornet (Spider:1)
  2 orc sorcerers
  A manticore (Shoals:1)
  Joseph (D:7)
  A siren (Shoals:1)
  A torpor snail (Lair:8)
  7 elephants
  A smoke demon (Lair:8)
  An ice statue (IceCv)
  2 orange demons (Lair:8)
  8 black mambas
  21 spiny frogs
  5 yaktaurs (D:15)
  A gargoyle (D:10)
  5 fire drakes
  A hellwing (Lair:8)
  7 komodo dragons
  2 demonic crawlers (Spider:1)
  4 red devils (Lair:8)
  6 deep elf priests
  11 jumping spiders
  A jumping spider (shapeshifter) (Elf:1)
  2 merfolk
  8 blink frogs
  14 polar bears
  9 trolls
  2 two-headed ogres
  2 blue devils (Lair:8)
  A snapping turtle (Shoals:1)
  3 boulder beetles
  77 yaks
  A spriggan (shapeshifter) (D:15)
  2 trapdoor spiders
  4 tarantellas (Spider:1)
  2 wyverns
  7 deep elf fighters
  2 shadows
  13 redbacks
  22 deep elf magi
  A wraith (D:14)
  3 basilisks
  A golden eye (shapeshifter) (Elf:1)
  4 hungry ghosts
  12 hippogriffs
  33 wolves
  5 vampire mosquitoes
  20 water moccasins
  Edmund (D:5)
  A mottled dragon (D:12)
  A soldier ant (D:14)
  13 wargs
  5 sky beasts
  A hell hound (Lair:8)
  A phantom (D:8)
  12 spiders (Spider:1)
  14 ice beasts
  11 porcupines
  3 black bears
  2 wasps
  22 centaurs
  34 orc warriors
  18 crocodiles
  12 ogres
  22 giant frogs
  A brain worm (D:11)
  6 big kobolds
  A wyvern skeleton (D:13)
  9 scorpions
  7 electric eels
  9 wights
  9 crimson imps
  3 giant frog zombies
  6 jellies
  23 orc priests
  8 hounds
  34 orc wizards
  4 centaur skeletons
  8 iguanas
  8 worker ants
  36 sheep
  4 hound zombies
  Robin (D:2)
  92 river rats
  15 adders
  6 gnolls (D:4)
  3 shadow imps
  2 oozes
  An adder skeleton (D:9)
  2 adder zombies
  4 worms
  A giant gecko (D:6)
  164 orcs
  8 bats
  9 giant cockroaches
  15 goblins
  7 hobgoblins
  5 jackals (D:2)
  6 quokkas
  A giant gecko skeleton (D:7)
  A giant newt (D:4)
  39 kobolds
  A quokka skeleton (D:5)
  A quokka zombie (D:9)
  7 rats
  A fungus (Lair:7)
1206 creatures vanquished.

Vanquished Creatures (collateral kills)
  A centaur (D:13)
  A fungus (Lair:3)
2 creatures vanquished.

Vanquished Creatures (others)
  An orb spider (Spider:1)
  A wolf (Lair:6)
  A giant frog (Lair:3)
  An orc wizard (D:14)
  2 orcs
  2 bushes (Lair:5)
  12 fungi
  10 plants
30 creatures vanquished.

Grand Total: 1238 creatures vanquished

Notes
Turn   | Place    | Note
--------------------------------------------------------------
     0 | D:1      | Pidor the Felid Monk began the quest for the Orb.
     0 | D:1      | Reached XP level 1. HP: 10/10 MP: 2/2
   178 | D:1      | Reached XP level 2. HP: 14/14 MP: 3/3
   331 | D:1      | Gained mutation: You have a pair of small antennae on your head. [potion of beneficial mutation]
   332 | D:1      | Gained mutation: Your flesh is heat resistant. [potion of beneficial mutation]
   599 | D:2      | Noticed Robin
   653 | D:2      | Reached XP level 3. HP: 8/17 MP: 4/4
  1634 | D:2      | Killed Robin
  1649 | D:2      | Reached XP level 4. HP: 18/21 MP: 5/5
  2002 | D:3      | Found a glowing golden altar of the Shining One.
  2620 | D:3      | Reached skill level 5 in Unarmed Combat
  2620 | D:3      | Reached XP level 5. HP: 23/25 MP: 6/6
  2757 | D:3      | Reached skill level 5 in Dodging
  2908 | D:4      | Gained mutation: You are covered in thick fur (AC +2). [Felid growth]
  2908 | D:4      | Reached XP level 6. HP: 7/28 MP: 7/7
  3021 | D:4      | Reached skill level 5 in Stealth
  3028 | D:4      | Found a snail-covered altar of Cheibriados.
  3129 | D:5      | Entered Level 5 of the Dungeon
  3129 | D:5      | Noticed jesusflecha's ghost (novice MfGl)
  3143 | D:5      | Noticed a water moccasin
  3162 | D:4      | Noticed an ogre
  3260 | D:4      | Reached skill level 6 in Unarmed Combat
  3275 | D:4      | Killed an ogre
  3275 | D:4      | Reached XP level 7. HP: 31/33 MP: 8/8
  3609 | D:4      | Found a sacrificial altar of Ru.
  3609 | D:4      | Found a shadowy altar of Dithmenos.
  3612 | D:4      | Became a worshipper of Dithmenos the Shadowed
  3612 | D:4      | Reached * piety under Dithmenos
  3612 | D:4      | Reached ** piety under Dithmenos
  3750 | D:4      | Reached skill level 1 in Invocations
  3901 | D:5      | Noticed Edmund
  3950 | D:5      | Reached skill level 7 in Unarmed Combat
  3981 | D:5      | Reached XP level 8. HP: 36/36 MP: 10/10
  4084 | D:5      | Found a staircase to the Ecumenical Temple.
  4102 | D:5      | Killed Edmund
  4102 | D:5      | Reached skill level 5 in Fighting
  4108 | D:5      | Found an opulent altar of Gozag.
  4223 | D:5      | Killed jesusflecha's ghost
  4238 | D:5      | Slain by a water moccasin
  4239 | D:5      | Reached XP level 7. HP: 0/33 MP: 10/10
  4279 | D:5      | Found a bloodstained altar of Trog.
  4336 | D:5      | Killed a water moccasin
  4485 | D:5      | Reached XP level 8. HP: 30/37 MP: 12/12
  4763 | D:6      | Reached skill level 8 in Unarmed Combat
  5404 | D:7      | Found Goskeigu's Food Emporium.
  5571 | D:7      | Reached skill level 5 in Invocations
  5617 | D:7      | Reached *** piety under Dithmenos
  5793 | D:7      | Noticed Joseph
  5796 | D:7      | Reached XP level 9. HP: 41/41 MP: 12/14
  5816 | D:7      | Killed Joseph
  6256 | D:7      | Reached skill level 9 in Unarmed Combat
  7047 | D:8      | Found an iron altar of Okawaru.
  7462 | D:8      | Found a staircase to the Lair.
  7579 | D:9      | Found a basalt altar of Yredelemnul.
  7586 | D:9      | Reached XP level 10. HP: 46/46 MP: 16/16
  8141 | D:9      | You fall through a shaft!
  8141 | D:10     | Entered Level 10 of the Dungeon
  8141 | D:10     | Noticed a hill giant
  8184 | D:10     | Found a staircase to the Orcish Mines.
  8189 | Orc:1    | Entered Level 1 of the Orcish Mines
  8535 | D:10     | Killed a hill giant
  8535 | D:10     | Reached skill level 10 in Unarmed Combat
  8611 | D:10     | Reached skill level 10 in Stealth
  8831 | D:9      | Reached **** piety under Dithmenos
  9281 | D:10     | Reached XP level 11. HP: 50/50 MP: 18/18
  9353 | D:10     | Reached skill level 10 in Dodging
  9759 | Orc:1    | Noticed Erolcha
  9764 | Orc:1    | Killed Erolcha
 10003 | Orc:1    | You fall through a shaft!
 10042 | Orc:2    | You fall through a shaft!
 10678 | Orc:3    | Found a staircase to the Elven Halls.
 10779 | Orc:3    | Reached skill level 11 in Stealth
 10781 | Orc:3    | Reached ***** piety under Dithmenos
 11705 | Orc:4    | Entered Level 4 of the Orcish Mines
 11725 | Orc:4    | Noticed an orc high priest
 11725 | Orc:4    | Noticed an orc high priest
 11771 | Orc:4    | Found Jaenn's General Store.
 11782 | Orc:3    | Killed an orc high priest
 11895 | Orc:4    | Found Kegecixzyf's Antique Weapon Boutique.
 11895 | Orc:4    | Noticed an orc warlord
 11895 | Orc:4    | Noticed an orc high priest
 12138 | Lair:1   | Entered Level 1 of the Lair of Beasts
 12138 | Lair:1   | Noticed Harold
 12138 | Lair:1   | Noticed a four-headed hydra
 12139 | Lair:1   | Killed a four-headed hydra
 12142 | Lair:1   | Killed Harold
 12437 | Lair:1   | You fall through a shaft!
 12759 | Lair:1   | Reached skill level 10 in Invocations
 12759 | Lair:1   | Gained mutation: Your thick and shaggy fur keeps you warm (AC +3, rC+). [Felid growth]
 12759 | Lair:1   | Reached XP level 12. HP: 55/55 MP: 20/20
 12888 | Lair:1   | Found a shimmering altar of Xom.
 13042 | Lair:1   | Noticed a five-headed hydra
 13512 | Lair:2   | Reached skill level 1 in Evocations
 14763 | Lair:3   | Noticed a five-headed hydra
 15186 | Lair:3   | Reached skill level 12 in Stealth
 15868 | Lair:4   | Rolled over by a boulder beetle
 15869 | Lair:4   | Reached XP level 11. HP: -4/52 MP: 19/19
 16424 | Lair:4   | Reached skill level 5 in Evocations
 16849 | Lair:4   | Reached XP level 12. HP: 40/57 MP: 20/20
 17010 | Lair:4   | Learned a level 6 spell: Darkness
 17738 | Lair:4   | Reached skill level 1 in Hexes
 18084 | Lair:5   | Reached skill level 1 in Spellcasting
 18344 | Lair:5   | Learned a level 2 spell: Stoneskin
 18354 | Lair:5   | Noticed Maud
 18357 | Lair:5   | Killed Maud
 18357 | Lair:5   | Reached skill level 1 in Transmutations
 18357 | Lair:5   | Reached skill level 1 in Earth Magic
 18867 | Lair:6   | Reached skill level 5 in Hexes
 18997 | Lair:6   | Found a staircase to the Shoals.
 19112 | Lair:6   | Found a hole to the Spider Nest.
 19370 | Lair:6   | Noticed a five-headed hydra
 19373 | Lair:6   | Killed a five-headed hydra
 19877 | Lair:7   | Reached XP level 13. HP: 60/60 MP: 21/21
 19971 | Lair:7   | Noticed a five-headed hydra
 19997 | Lair:7   | Killed a five-headed hydra
 20017 | Lair:7   | Reached skill level 5 in Transmutations
 20606 | Lair:7   | Found a viscous altar of Jiyva.
 20606 | Lair:7   | Found a staircase to the Slime Pits.
 20881 | D:10     | Learned a level 2 spell: Swiftness
 20906 | Orc:4    | Killed an orc high priest
 20906 | Orc:4    | Reached skill level 5 in Earth Magic
 20917 | Orc:4    | Noticed an orc high priest
 20931 | Orc:4    | Killed an orc high priest
 21633 | D:11     | Reached skill level 1 in Charms
 21991 | D:10     | Killed from afar by an orc priest
 21992 | D:10     | Reached XP level 12. HP: -2/57 MP: 20/20
 22887 | D:11     | Reached skill level 1 in Air Magic
 23780 | D:12     | Reached ****** piety under Dithmenos
 24047 | D:12     | Noticed a five-headed hydra
 24075 | D:12     | Reached skill level 5 in Spellcasting
 24568 | D:10     | Learned a level 6 spell: Invisibility
 24574 | D:10     | Learned a level 5 spell: Silence
 24769 | D:13     | Noticed Frances
 24772 | D:13     | Killed Frances
 24772 | D:13     | Reached skill level 10 in Hexes
 24772 | D:13     | Reached XP level 13. HP: 60/60 MP: 16/21
 25412 | D:13     | Noticed Nessos
 25417 | D:13     | Killed Nessos
 25937 | Orc:4    | Killed an orc warlord
 26159 | Orc:4    | Found Oshuceb's Book Shoppe.
 26197 | Orc:4    | Noticed an orc high priest
 26350 | Orc:4    | Bought the Collected Works on Transmutation for 1275 gold pieces
 26566 | Orc:4    | Killed an orc high priest
 27684 | Orc:4    | Found Qijimm's Antique Armour Boutique.
 27774 | Orc:4    | Found a roughly hewn altar of Beogh.
 27793 | Orc:4    | Killed an orc high priest
 28328 | Orc:3    | Noticed an orc warlord
 28715 | Orc:3    | Killed an orc warlord
 28723 | Elf:1    | Entered Level 1 of the Elven Halls
 28957 | Elf:1    | Noticed a deep elf demonologist
 29140 | Elf:1    | Identified Sif Muna's Disquisition on the Escort
 29443 | Elf:1    | Noticed a deep elf sorcerer
 29450 | Elf:1    | Killed a deep elf sorcerer
 29450 | Elf:1    | Reached XP level 14. HP: 64/64 MP: 24/24
 29897 | Elf:1    | Killed a deep elf demonologist
 30903 | Elf:2    | Reached skill level 5 in Air Magic
 32232 | Elf:2    | Got a scorched pewter amulet
 32284 | Elf:2    | Identified the amulet of the Pariah {+Rage Dex+6} (You found it on level 2 of the Elven Halls)
 32780 | Elf:2    | Found a runed gate.
 32780 | Elf:2    | Found a runed gate.
 32780 | Elf:2    | Found a runed gate.
 32964 | Elf:3    | Entered Level 3 of the Elven Halls
 33276 | Elf:3    | Noticed a deep elf sorcerer
 33280 | Elf:3    | Noticed a deep elf sorcerer
 33311 | Elf:3    | Noticed a deep elf sorcerer
 33487 | Elf:3    | Killed a deep elf sorcerer
 33492 | Elf:3    | Noticed a deep elf master archer
 34080 | Elf:2    | Slain by a sixfirhy
 34081 | Elf:2    | Reached XP level 13. HP: -3/60 MP: 23/24
 34201 | Elf:2    | Gained mutation: Your body sometimes deteriorates upon taking damage. [mutagenic glow]
 34516 | Elf:2    | Killed a deep elf sorcerer
 34589 | Elf:2    | Killed a deep elf sorcerer
 35221 | D:10     | Lost mutation: Your body sometimes deteriorates upon taking damage. [potion of mutation]
 35221 | D:10     | Gained mutation: You have a somewhat thin skeletal structure (Dex +2, Stealth). [potion of mutation]
 35458 | Lair:8   | Entered Level 8 of the Lair of Beasts
 35470 | Lair:8   | Reached XP level 14. HP: 64/64 MP: 25/25
 35587 | Lair:8   | Reached skill level 13 in Hexes
 37313 | Lair:8   | Found a burning altar of Makhleb.
 37724 | Lair:8   | Found a gateway to Hell.
 38349 | Lair:3   | Killed a five-headed hydra
 38508 | D:10     | Learned a level 6 spell: Statue Form
 38764 | Shoals:1 | Entered Level 1 of the Shoals
 38991 | Shoals:1 | Noticed riffraff's ghost (journeyman DsBe)
 39070 | Spider:1 | Entered Level 1 of the Spider Nest
 39336 | Spider:1 | Reached skill level 10 in Transmutations
 40588 | D:12     | Killed a five-headed hydra
 40692 | D:14     | Reached XP level 15. HP: 67/67 MP: 28/28
 40746 | D:14     | Reached skill level 10 in Earth Magic
 41085 | D:14     | Found a gate to the Vaults.
 41392 | D:15     | Entered Level 15 of the Dungeon
 41441 | D:15     | Found a labyrinth entrance.
 41446 | Lab      | Entered a labyrinth
 41687 | Lab      | Got a transparent platinum ring
 41701 | Lab      | Identified the cursed ring "Fidosama" {AC-2 Str+4 Dex-5 Stlth+} (You found it in a labyrinth)
 42056 | D:15     | Found a frozen archway.
 42131 | IceCv    | Entered an ice cave
 42904 | IceCv    | Gained mutation: Your skin changes colour to match your surroundings (Stealth). [potion of beneficial mutation]
 43958 | D:15     | Found a staircase to the Depths.
 47026 | Spider:2 | Blown up by an orb spider

Action                   |  1- 3 |  4- 6 |  7- 9 | 10-12 | 13-15 || total
-------------------------+-------+-------+-------+-------+-------++-------
Melee: Unarmed           |    99 |   203 |   428 |  1636 |  2019 ||  4385
 Cast: Stoneskin         |       |       |       |     2 |    23 ||    25
       Silence           |       |       |       |       |    47 ||    47
       Invisibility      |       |       |       |       |    49 ||    49
       Darkness          |       |       |       |       |     7 ||     7
       Statue Form       |       |       |       |       |    19 ||    19
Invok: Shadow Step       |       |       |     3 |     9 |     9 ||    21
       Shadow Form       |       |       |       |     1 |       ||     1
 Abil: Evoke Teleportati |     1 |     1 |       |     2 |     2 ||     6
       Evoke Flight      |       |     1 |       |       |     1 ||     2
       Stop Flying       |       |       |       |       |     1 ||     1
Evoke: Wand              |       |     4 |    11 |    25 |    16 ||    56
       Deck              |       |       |       |       |     1 ||     1
  Use: Scroll            |     6 |     5 |     4 |    14 |    18 ||    47
       Potion            |     2 |       |     3 |     4 |    14 ||    23
 Stab: Sleeping          |    12 |     9 |    28 |   136 |   115 ||   300
       Distracted        |       |       |     3 |    11 |    16 ||    30
       Confused          |       |       |       |     1 |       ||     1
       Invisible         |       |       |       |       |   137 ||   137
  Eat: Chunk             |     9 |     4 |    16 |    51 |   115 ||   195
